 Dungeon Crawl Stone Soup version 0.31.0-9-g3a7656b989 (webtiles) character file.

Game seed: 9248798987692893270

141 qw the Skirmisher (level 5, -2/29 HPs)
             Began as a Deep Elf Hunter on Feb 2, 2024.
             Slain by an orc
             ... wielding a +0 dagger
              (3 damage)
             ... on level 4 of the Dungeon.
             The game lasted 00:00:09 (2195 turns).

qw the Skirmisher (Deep Elf Hunter)                 Turns: 2195, Time: 00:00:10

Health: -2/29      AC:  3    Str: 10    XL:     5   Next: 3%
Magic:  7/7        EV: 12    Int: 14    God:
Gold:   119        SH:  0    Dex: 18    Spells: 4/4 levels left

rFire   . . .        a - +0 shortbow
rCold   . . .        (shield currently unavailable)
rNeg    + . .        c - +0 leather armour
rPois   .            (no helmet)
rElec   .            (no cloak)
rCorr   .            (no gloves)
SInv    .            (no boots)
Will    .....        (no amulet)
Stlth   ++           g - ring of positive energy
HPRegen 0.24/turn    (no ring)
MPRegen 0.10/turn

%: no passive effects
@: no status effects
A: no striking features
a: no special abilities


You were on level 4 of the Dungeon.
You visited 1 branch of the dungeon, and saw 4 of its levels.

You collected 119 gold pieces.


   Skills:
 - Level 1.5 Fighting
 + Level 8.4 Ranged Weapons
 - Level 2.4 Dodging
 - Level 1.2 Stealth


You had 4 spell levels left.
You didn't know any spells.
Your spell library was empty.

Inventory:

Hand Weapons
 a - a +0 shortbow (weapon)
Armour
 c - a +0 leather armour (worn)
 f - the +0 ring mail of Ufige {Harm rPois Int-5 Dex+2}
   (You found it on level 3 of the Dungeon)

   Int-5:     It affects your intelligence (-5).
   Dex+2:     It affects your dexterity (+2).
   rPois:     It protects you from poison Harm: It increases damage dealt and
   taken.
Jewellery
 g - a ring of positive energy (left hand)
Wands
 d - a wand of paralysis (5)
 e - a wand of acid (13)
Scrolls
 i - a scroll of identify
Potions
 b - 2 potions of curing
 h - a potion of resistance
 k - a potion of heal wounds {unknown}
 m - a potion of might {unknown}

Dungeon Overview and Level Annotations

Branches:
Dungeon (4/15)
 Temple: D:4-7

Altars:
Zin

Shops:
D:4 ?

Annotations:
D:3 exclusion: moth of wrath


Message History

The orc is heavily wounded.
The orc hits you with a +0 dagger. The orc closely misses you.
The orc hits you with a +0 dagger.
You shoot an arrow. The arrow hits the orc.
The orc is severely wounded.
The orc closely misses you. The orc hits you with a +0 hand axe.
The orc misses you.
You shoot an arrow. The arrow hits the orc.
You kill the orc!
The orc hits you with a +0 dagger. The orc completely misses you.
You have reached level 5!
You shoot an arrow. The arrow closely misses the orc.
The orc barely misses you. The orc closely misses you.
You shoot an arrow. The arrow barely misses the orc.
The orc hits you with a +0 dagger. x2
You shoot an arrow. The arrow hits the orc.
The orc is almost dead.
The orc hits you with a +0 dagger. The orc closely misses you.
You shoot an arrow.
The arrow hits the orc but does no damage.
The orc is almost dead.
The orc barely misses you. The orc hits you but does no damage.
You shoot an arrow.
The arrow hits the orc but does no damage.
The orc is almost dead.
The orc hits you with a +0 dagger. The orc barely misses you.
You shoot an arrow. The arrow hits the orc!
You kill the orc!
The orc hits you but does no damage. The jackal bites you.
You shoot an arrow. The arrow hits the jackal.
The jackal is heavily wounded.
The orc closely misses you. The jackal bites you.
You shoot an arrow. The arrow barely misses the jackal.
The jackal bites you. The orc closely misses you.
The jackal closely misses you.
You shoot an arrow. The arrow hits the jackal.
You kill the jackal!
The orc barely misses you.
You shoot an arrow. The arrow closely misses the orc.
The orc hits you with a +0 dagger.
You die...

###............#.##....
#.....##..........<...
##....................
......##..##.........
......##..###.#....# #
...........#...##.# \..
..##[.............##...#
..###....##.............
...##...####.#.#@)......
..##....# ...###o)......
.............. #).......
...................##...
#................... ..
...........)....##.. .
................. ... .
.... #.... ....


You could see an orc.

Vanquished Creatures
  7 adders
  3 ribbon worms
  3 orcs (D:4)
  8 endoplasms
  A giant cockroach (D:3)
  2 goblins
  7 hobgoblins
  3 jackals (D:4)
  2 quokkas
  12 ball pythons
  7 bats
  A frilled lizard (D:2)
  6 kobolds
  7 rats
69 creatures vanquished.

Notes
Turn   | Place    | Note
-------+----------+-------------------------------------------
     0 | D:1      | qw the Deep Elf Hunter began the quest for the Orb.
     0 | D:1      | Reached XP level 1. HP: 12/12 MP: 3/3
     0 | D:1      | 0 ||| qw: Version: 0.3-a-155-g5e7d8dd
     0 | D:1      | 0 ||| qw: Game counter: 2453
     0 | D:1      | 0 ||| qw: Melee chars always use a shield: true
     0 | D:1      | 0 ||| qw: God list: Okawaru
     0 | D:1      | 0 ||| qw: Allow faded altars: false
     0 | D:1      | 0 ||| qw: Do Orc after clearing Dungeon:15 true
     0 | D:1      | 0 ||| qw: Do second Lair branch before Depths: true
     0 | D:1      | 0 ||| qw: Lair rune preference: random
     0 | D:1      | 0 ||| qw: Goals: Normal
     0 | D:1      | 0 ||| PLANNING D:1-11
   126 | D:1      | Reached XP level 2. HP: 16/16 MP: 4/4
   136 | D:1      | 136 ||| DROPPING +0 sling of draining.
   145 | D:1      | Reached skill level 6 in Ranged Weapons
   487 | D:1      | 487 ||| DROPPING +6 ring of intelligence.
   488 | D:1      | 488 ||| READING scroll labelled INKIZX COADI.
   489 | D:1      | 489 ||| DROPPING scroll of butterflies.
   658 | D:2      | Reached XP level 3. HP: 20/20 MP: 5/5
   727 | D:2      | Reached skill level 7 in Ranged Weapons
  1260 | D:2      | 1260 ||| UPGRADING to ring of positive energy.
  1261 | D:2      | 1261 ||| READING scroll labelled YLOSULUOMUXT.
  1264 | D:2      | 1264 ||| READING scroll labelled IPSOHECWUI.
  1265 | D:2      | 1265 ||| READING scroll labelled OSSEOS ZYMALIO.
  1266 | D:2      | 1266 ||| READING scroll labelled LOMAXIMPIG.
  1266 | D:2      | 1266 ||| IDENTIFYING coppery potion
  1267 | D:2      | 1267 ||| READING scroll labelled YGELAPH TEZXIU.
  1268 | D:2      | 1268 ||| DRINKING 2 fuming black potions.
  1333 | D:3      | Identified the +0 ring mail of Ufige {Harm rPois Int-5
                  | Dex+2}
  1415 | D:3      | Reached XP level 4. HP: 22/25 MP: 6/6
  1589 | D:3      | Reached skill level 8 in Ranged Weapons
  1697 | D:3      | 1697 ||| FLEEEEING.
  1698 | D:3      | 1698 ||| FLEEEEING.
  1699 | D:3      | 1699 ||| FLEEEEING.
  1700 | D:3      | 1700 ||| FLEEEEING.
  1701 | D:3      | 1701 ||| FLEEEEING.
  1702 | D:3      | 1702 ||| FLEEEEING.
  1703 | D:3      | 1703 ||| FLEEEEING.
  1748 | D:3      | Noticed a moth of wrath
  1814 | D:3      | Found a glowing silver altar of Zin.
  1970 | D:3      | 1970 ||| READING scroll of identify.
  1970 | D:3      | 1970 ||| IDENTIFYING fuming dark potion
  1971 | D:3      | 1971 ||| READING scroll labelled WUICWE GIECZAGRYIH.
  1972 | D:3      | 1972 ||| READING 2 scrolls labelled RARIPH ACWE.
  2073 | D:3      | 2073 ||| DROPPING potion of brilliance.
  2074 | D:3      | 2074 ||| DROPPING scroll of vulnerability.
  2169 | D:4      | Found Zanoceun's Magic Scroll Shop.
  2186 | D:4      | Reached XP level 5. HP: 11/29 MP: 7/7
  2190 | D:4      | HP: 6/29 [orc/+0 dagger (2)]
  2193 | D:4      | HP: 1/29 [jackal (2)]
  2195 | D:4      | Slain by an orc

Levels and vault maps discovered:
D:1:      pf_arrival_petrified_forest, layout_basic
D:2:      layout_basic, hangedman_decor_slide_cut
D:3:      layout_rooms, tgw_trog, mainiacjoe_overflow_brackets,
          minmay_misc_feat_cross, hangedman_decor_diamond_cutter
D:4:      layout_cave_pools, kennysheep_little_box,
          minmay_temple_entry_crystal_x, serial_shops, shop,
          minmay_fountain_box, minmay_misc_feat_tiny,
          chequers_serial_rivers_large_b

Skill      XL: |  1  2  3  4 |
---------------+-------------+-----
Ranged Weapons | 6 7 8 |  8.4
Fighting       | |  1.5
Dodging        | |  2.4
Stealth        | |  1.2

Action                     |  1- 3 |  4- 6 || total
---------------------------+-------+-------++-------
   Fire: Shortbow          |   121 |   101 ||   222
    Use: Scroll            |     6 |     3 ||     9
         Potion            |     1 |       ||     1
 Armour: Leather armour    |    14 |    38 ||    52
  Dodge: Dodged            |    31 |    33 ||    64

Table legend:
 A = Non-vault XP
 B = Vault XP
 C = Vault XP percentage of total XP
 D = Non-vault monster count
 E = Vault monster count
 F = Vault count percentage of total count
                 A         B        C        D         E       F
            +---------+---------+-------+---------+---------+-------
      Total |     202 |       0 |   0.0 |      69 |       0 |   0.0
            +---------+---------+-------+---------+---------+-------
        D:1 |      30 |       0 |   0.0 |      20 |       0 |   0.0
        D:2 |      58 |       0 |   0.0 |      20 |       0 |   0.0
        D:3 |      95 |       0 |   0.0 |      21 |       0 |   0.0
        D:4 |      19 |       0 |   0.0 |       8 |       0 |   0.0
            +---------+---------+-------+---------+---------+-------
